 Seeded DCSS version 0.27-a0-1200-g94dc6ad4cf (webtiles) character file.

Game seed: 3409633873004942856 (custom seed)

1664 flotson the Covert (level 9, -10/72 HPs)
             Began as a Gnoll Delver on May 30, 2021.
             Mangled by a two-headed ogre
             ... wielding a +0 giant club
              (34 damage)
             ... on level 8 of the Dungeon.
             The game lasted 00:08:38 (7306 turns).

flotson the Covert (Gnoll Delver)                   Turns: 7306, Time: 00:08:39

Health: -10/72     AC:  7    Str: 16    XL:     9   Next: 1%
Magic:  14/14      EV: 13    Int:  9    God:
Gold:   259        SH:  0    Dex: 13    Spells: 15/15 levels left

rFire    + . .     SeeInvis .   a - +3 quarterstaff (chaos)
rCold    . . .     Faith    .   (shield currently unavailable)
rNeg     . . .     Spirit   .   p - +0 ring mail
rPois    .         Reflect  .   (no helmet)
rElec    .         Harm     .   v - +0 cloak
rCorr    .         Rampage  .   (no gloves)
Will     .....                  (no boots)
Stlth    ++++......             (no amulet)
HPRegen  0.22/turn              C - ring of protection from fire
MPRegen  0.14/turn              (no ring)

@: hasted, very quick
A: fangs 1, strong nose, distributed training
a: no special abilities


You were on level 8 of the Dungeon.
You visited 1 branch of the dungeon, and saw 7 of its levels.

You collected 259 gold pieces.

Inventory:

Hand Weapons
 a - a +3 quarterstaff of chaos (weapon)
 b - a +0 hunting sling
 n - a +0 trident
 w - a +0 broad axe
 y - a +2 whip of electrocution
Missiles
 k - 33 sling bullets
 m - 31 poisoned darts (quivered)
Armour
 p - a +0 ring mail (worn)
 v - a +0 cloak (worn)
Jewellery
 o - a ring of ice
 C - a ring of protection from fire (left hand)
Wands
 g - a wand of digging (3)
 z - a wand of acid (10)
 H - a wand of polymorph (8)
Scrolls
 c - a scroll of fog
 d - a scroll of magic mapping
 e - 3 scrolls of fear
 h - a scroll of enchant weapon {unknown}
 i - a scroll of brand weapon {unknown}
 j - 5 scrolls of identify {unknown}
 l - 2 scrolls of silence {unknown}
 t - 4 scrolls of amnesia {unknown}
 u - a scroll of torment {unknown}
 D - 3 scrolls of teleportation {unknown}
 E - a scroll of noise {unknown}
 F - a scroll of holy word {unknown}
Potions
 q - 2 potions of lignification {unknown}
 r - a potion of attraction {unknown}
 s - a potion of ambrosia {unknown}
 x - 2 potions of curing {unknown}
 A - 3 potions of degeneration {unknown}
 B - a potion of heal wounds {unknown}
 G - 2 potions of flight {unknown}


   Skills:
 + Level 7.6 Fighting
 + Level 3.7 Short Blades
 + Level 3.7 Long Blades
 + Level 3.7 Axes
 + Level 3.7 Maces & Flails
 + Level 6.0 Polearms
 + Level 3.7 Staves
 + Level 3.7 Slings
 + Level 3.7 Bows
 + Level 3.7 Crossbows
 + Level 3.7 Throwing
 + Level 3.7 Armour
 + Level 6.0 Dodging
 + Level 10.2 Stealth
 + Level 3.7 Shields
 + Level 3.7 Unarmed Combat
 + Level 3.7 Spellcasting
 + Level 3.1 Conjurations
 + Level 3.1 Hexes
 + Level 3.1 Summonings
 + Level 3.1 Necromancy
 + Level 3.1 Translocations
 + Level 3.1 Transmutations
 + Level 3.1 Fire Magic
 + Level 3.1 Ice Magic
 + Level 3.1 Air Magic
 + Level 3.1 Earth Magic
 + Level 3.1 Poison Magic
 + Level 4.1 Invocations
 + Level 3.7 Evocations


You had 15 spell levels left.
You didn't know any spells.
Your spell library contained the following spells:

 Spells                   Type           Power      Damage    Failure   Level
 Corona                   Hex            7%         N/A       14%         1
 Ensorcelled Hibernation  Hex/Ice        14%        N/A       22%         2
 Confusing Touch          Hex            7%         N/A       38%         3
 Dazzling Flash           Conj/Hex       14%        N/A       38%         3
 Tukima's Dance           Hex            7%         N/A       38%         3


Dungeon Overview and Level Annotations

Branches:
Dungeon (6/15)
 Temple: D:4-7

Altars:
Okawaru
Vehumet

Shops:
D:5 (


Innate Abilities, Weirdness & Mutations

You have very sharp teeth.
Your uncanny sense of smell can sniff out nearby items.
Your experience applies equally to all skills.


Message History

The gnoll barely misses you.
The gnoll shaman hits you but does no damage.
The gnoll barely misses you.
You sock the gnoll shaman!
You feel better.
The gnoll shaman is moderately wounded.
The gnoll shaman calls down the wrath of its god upon you.
You easily resist.
The gnoll barely misses you.
You sock the gnoll shaman!
You feel better.
The gnoll shaman is severely wounded.
The gnoll barely misses you. The gnoll shaman closely misses you.
The gnoll barely misses you.
A two-headed ogre comes into view. It is wielding two +0 giant clubs.
You sock the gnoll shaman!
The gnoll shaman flickers and vanishes!
Deactivating autopickup; reactivate with Ctrl-A.
The gnoll closely misses you.
You hit something. You freeze something. The gnoll barely misses you.
The gnoll hits you from afar with a +0 spear.
The two-headed ogre hits you with a +0 giant club!
The two-headed ogre hits you with a +0 giant club.
You barely miss the two-headed ogre.
The two-headed ogre completely misses you.
The two-headed ogre hits you with a +0 giant club!
You are too injured to fight recklessly!
You are too injured to fight recklessly!
You are too injured to fight recklessly!
You are too injured to fight recklessly!
You are too injured to fight recklessly!
You are too injured to fight recklessly!
You are too injured to fight recklessly!
You are too injured to fight recklessly!
Found a glowing long sword.
The two-headed ogre misses you.
The two-headed ogre hits you with a +0 giant club!
A centaur zombie comes into view.
As you read the scroll of magic mapping, it crumbles to dust.
You feel aware of your surroundings.
Found 21 sling bullets.
You feel yourself speed up.
The two-headed ogre hits you with a +0 giant club!!
You die...

##******* #Z.,,,,,*
#.#****,#
#.#####.#*******
#.#......,,,,,,****
#.#...#.#*****,,,,,
##..)....# ****,,
#..@.....# *>,,
#.O......# *,,,
###.#....### *,,,
#..^.....##* ***,,
#.#........#******,,,,
#.#.$....#..,,,,**,***
#.##....##(..,,,**,***
#.##.##.##...*,,,,,,,,
#.##.........,,,**,*,,


You could see a two-headed ogre and a centaur zombie (dormant).

Vanquished Creatures
  Grinder (D:4)
  Sigmund (D:2)
  An orc warrior (D:5)
  A sky beast (D:6)
  A necrophage (D:6)
  An ice beast (D:6)
  A black bear (D:5)
  2 bullfrogs
  A centaur zombie (D:5)
  3 orc priests
  Crazy Yiuf (D:3)
  2 bullfrog skeletons (D:6)
  4 hounds
  3 orc wizards
  Ijyb (D:3)
  An iguana (D:6)
  A scorpion zombie (D:5)
  Terence (D:3)
  A hound skeleton (D:4)
  9 gnolls
  3 adders
  2 ufetubi (D:5)
  An adder zombie (D:5)
  3 worms
  3 dart slugs
  14 orcs
  4 bats
  3 endoplasms
  2 giant cockroaches
  8 goblins
  5 hobgoblins
  2 jackals (D:5)
  A kobold (D:1)
  3 quokkas
  4 ball pythons
  3 frilled lizards
  2 rats
100 creatures vanquished.

Notes
Turn   | Place    | Note
-------+----------+-------------------------------------------
     0 | D:5      | Reached skill level 9 in Stealth
     0 | D:5      | flotson the Gnoll Delver began the quest for the Orb.
     0 | D:5      | Reached XP level 1. HP: 23/23 MP: 1/1
   144 | D:5      | Reached XP level 2. HP: 13/29 MP: 2/2
   341 | D:5      | Noticed a bullfrog
   349 | D:5      | Killed a bullfrog
   350 | D:5      | Reached skill level 1 in Short Blades
   350 | D:5      | Reached skill level 1 in Long Blades
   350 | D:5      | Reached skill level 1 in Axes
   350 | D:5      | Reached skill level 1 in Maces & Flails
   350 | D:5      | Reached skill level 1 in Staves
   350 | D:5      | Reached skill level 1 in Slings
   350 | D:5      | Reached skill level 1 in Bows
   350 | D:5      | Reached skill level 1 in Crossbows
   350 | D:5      | Reached skill level 1 in Throwing
   350 | D:5      | Reached skill level 1 in Armour
   350 | D:5      | Reached skill level 1 in Shields
   350 | D:5      | Reached skill level 1 in Unarmed Combat
   350 | D:5      | Reached skill level 1 in Spellcasting
   350 | D:5      | Reached skill level 1 in Invocations
   350 | D:5      | Reached skill level 1 in Evocations
   350 | D:5      | Reached XP level 3. HP: 33/35 MP: 2/4
   350 | D:5      | Reached XP level 4. HP: 38/41 MP: 2/5
   560 | D:3      | Reached skill level 1 in Conjurations
   560 | D:3      | Reached skill level 1 in Hexes
   560 | D:3      | Reached skill level 1 in Summonings
   560 | D:3      | Reached skill level 1 in Necromancy
   560 | D:3      | Reached skill level 1 in Translocations
   560 | D:3      | Reached skill level 1 in Transmutations
   560 | D:3      | Reached skill level 1 in Fire Magic
   560 | D:3      | Reached skill level 1 in Ice Magic
   560 | D:3      | Reached skill level 1 in Air Magic
   560 | D:3      | Reached skill level 1 in Earth Magic
   560 | D:3      | Reached skill level 1 in Poison Magic
   566 | D:3      | Noticed Terence
   583 | D:3      | Killed Terence
   584 | D:3      | Reached XP level 5. HP: 24/47 MP: 6/6
  1228 | D:2      | Noticed Sigmund
  1552 | D:1      | Found a faded altar of an unknown god.
  2648 | D:3      | Noticed Ijyb
  3030 | D:3      | Reached XP level 6. HP: 50/53 MP: 8/8
  3518 | D:2      | Killed Sigmund
  3519 | D:2      | Reached skill level 5 in Polearms
  3519 | D:2      | Reached skill level 5 in Dodging
  3728 | D:3      | Found a runed translucent door.
  3729 | D:3      | Noticed Crazy Yiuf
  3736 | D:3      | Killed Crazy Yiuf
  3939 | D:3      | Killed Ijyb
  3940 | D:3      | Reached XP level 7. HP: 54/59 MP: 10/10
  4245 | D:4      | Noticed Grinder
  4258 | D:4      | Killed Grinder
  5043 | D:5      | Found Otema's Weapon Shoppe.
  5190 | D:5      | Reached skill level 10 in Stealth
  5369 | D:6      | Reached XP level 8. HP: 54/67 MP: 12/12
  5688 | D:5      | Found Otema's Weapon Shoppe.
  6840 | D:6      | Found a radiant altar of Vehumet.
  6842 | D:6      | Found an iron altar of Okawaru.
  7277 | D:6      | You fall into a shaft and drop 2 floors!
  7282 | D:8      | Reached XP level 9. HP: 58/72 MP: 14/14
  7289 | D:8      | Noticed a two-headed ogre
  7306 | D:8      | Mangled by a two-headed ogre

Illustrated notes

Levels and vault maps discovered:
D:1:      scummos_arrival_forest, layout_loops_cross,
          hellmonk_ecumenical_altar_run_dry
D:2:      kb_forest_paths, layout_basic, uniq_sigmund
D:3:      layout_rooms, uniq_terence, uniq_crazy_yiuf_cottage, uniq_ijyb
D:4:      layout_basic, uniq_grinder
D:5:      layout_loops_cross, serial_shops,
          nicolae_shop_temple_entry_statues_fountains, st_stairs_8
D:6:      layout_basic, chequers_temple_overflow_statue_of_worship
D:8:      layout_loops_cross, uniq_grum, uniq_joseph

Skill      XL: |  1  2  3  4  5  6  7  8 |
---------------+-------------------------+-----
Stealth        | 10 | 10.2
Short Blades   | 1 2 3 |  3.7
Long Blades    | 1 2 3 |  3.7
Axes           | 1 2 3 |  3.7
Maces & Flails | 1 2 3 |  3.7
Staves         | 1 2 3 |  3.7
Slings         | 1 2 3 |  3.7
Bows           | 1 2 3 |  3.7
Crossbows      | 1 2 3 |  3.7
Throwing       | 1 2 3 |  3.7
Armour         | 1 2 3 |  3.7
Shields        | 1 2 3 |  3.7
Unarmed Combat | 1 2 3 |  3.7
Spellcasting   | 1 2 3 |  3.7
Invocations    | 1 2 3 4 |  4.1
Evocations     | 1 2 3 |  3.7
Conjurations   | 1 2 3 |  3.1
Hexes          | 1 2 3 |  3.1
Summonings     | 1 2 3 |  3.1
Necromancy     | 1 2 3 |  3.1
Translocations | 1 2 3 |  3.1
Transmutations | 1 2 3 |  3.1
Fire Magic     | 1 2 3 |  3.1
Ice Magic      | 1 2 3 |  3.1
Air Magic      | 1 2 3 |  3.1
Earth Magic    | 1 2 3 |  3.1
Poison Magic   | 1 2 3 |  3.1
Polearms       | 5 6 |  6.0
Dodging        | 5 6 |  6.0
Fighting       | 7 |  7.6

Action                   |  1- 3 |  4- 6 |  7- 9 || total
-------------------------+-------+-------+-------++-------
Melee: Trident           |    21 |     1 |       ||    22
       Quarterstaff      |       |    65 |   169 ||   234
       Bite              |       |    15 |    23 ||    38
       Broad axe         |       |    53 |       ||    53
       Whip              |       |     4 |       ||     4
 Fire: Hunting sling     |       |    36 |    28 ||    64
Throw: Dart              |       |     1 |     5 ||     6
  Use: Scroll            |       |       |     1 ||     1
       Potion            |       |       |     1 ||     1
 Stab: Sleeping          |     3 |    10 |     3 ||    16
       Distracted        |       |       |     3 ||     3
Armor: Leather armour    |     4 |       |       ||     4
       Scale mail        |       |    22 |       ||    22
       Ring mail         |       |    21 |    79 ||   100
Dodge: Dodged            |    22 |    69 |   110 ||   201

Table legend: (Time is in decaauts)
 A = Elapsed time spent in this place.
 B = Non-inter-level travel time spent in this place.
 C = Inter-level travel time spent in this place.
 D = Time resting spent in this place.
 E = Time spent auto-exploring this place.
 F = Levels seen in this place.
 G = Mean time per level.
                   A        B        C        D        E       F      G
               +--------+--------+--------+--------+--------+-----+--------+
         Total |   7376 |   6976 |    400 |    477 |   5402 |   7 | 1053.7 |
       Dungeon |   7376 |   6976 |    400 |    477 |   5402 |   7 | 1053.7 |
               +--------+--------+--------+--------+--------+-----+--------+

Top non-repeatable levels by time:
     D:5: 2318 daAuts
     D:3: 1700 daAuts
     D:2: 1114 daAuts
     D:6: 938 daAuts
     D:1: 705 daAuts
     D:4: 568 daAuts
     D:8: 30 daAuts
